 Dungeon Crawl Stone Soup version 0.25.1-8-g42b30a86e7 (webtiles) character file.

Game seed: 10059115219572719155

1481 hehateme the Cleaver (level 8, -9/53 HPs)
             Began as a Gargoyle Fighter on Dec 7, 2020.
             Was an Initiate of Gozag.
             Splashed by a gnoll's acid (15 damage)
             ... on level 6 of the Dungeon on Dec 8, 2020.
             The game lasted 00:16:02 (6345 turns).

hehateme the Cleaver (Gargoyle Fighter)             Turns: 6345, Time: 00:16:03

Health: -9/53      AC: 11    Str: 23    XL:     8   Next: 79%
Magic:  8/8        EV:  5    Int:  8    God:    Gozag
Gold:   829        SH:  9    Dex:  9    Spells: 7/7 levels left

rFire    . . .     SeeInvis .   a - +0 war axe
rCold    . . .     Gourm    .   c - +0 kite shield
rNeg     + . .     Faith    .   f - +1 chain mail
rPois    ∞         Spirit   .   (no helmet)
rElec    +         Reflect  .   (no cloak)
rCorr    .         Harm     .   (no gloves)
MR       .....                  (no boots)
Stlth    ..........             (no amulet)
HPRegen  0.17/turn              (no ring)
MPRegen  0.11/turn              (no ring)

@: corroded
A: negative energy resistance 1, electricity resistance, unbreathing,
petrification resistance, rot immunity, AC +5
a: Potion Petition, Call Merchant, Bribe Branch, Renounce Religion


You were on level 6 of the Dungeon.
You worshipped Gozag.
Gozag was pleased with you.
You were near starving.

You visited 1 branch of the dungeon, and saw 6 of its levels.
You also visited: Ossuary.

You collected 873 gold pieces.
You paid 44 gold pieces to Gozag.

Inventory:

Hand Weapons
 a - a +0 war axe (weapon)
Missiles
 h - 109 sling bullets
 l - 5 atropa-tipped darts
 p - 22 poisoned darts
 s - 197 stones (quivered)
 Q - 83 arrows
Armour
 b - a +0 scale mail
 c - a +0 kite shield (worn)
 f - a +1 chain mail (worn)
 y - +0 ice dragon scales
 B - the -1 hat of Masmad {Dex+3}
   (You found it on level 5 of the Dungeon)

   It affects your dexterity (+3).
Jewellery
 u - a cursed ring of attention {unknown}
 F - an uncursed amulet of guardian spirit {unknown}
Wands
 g - a wand of polymorph (10)
Scrolls
 k - a scroll of immolation {!r}
 q - a scroll of amnesia
 w - a scroll of blinking {unknown}
 x - 2 scrolls of vulnerability {unknown}
 E - a scroll of remove curse
Potions
 d - 3 potions of might
 i - a potion of stabbing {unknown}
 j - 3 potions of magic
 m - a potion of berserk rage {!q}
 n - 2 potions of ambrosia {unknown}
 o - 2 potions of mutation {unknown}
 r - a potion of lignification {!q}
 v - 2 potions of flight
 z - 2 potions of heal wounds {unknown}
 A - a potion of invisibility
 C - 2 potions of resistance {unknown}
 D - 2 potions of brilliance {unknown}
Comestibles
 e - 11 rations


   Skills:
 + Level 7.5 Fighting
 * Level 8.2 Axes
 - Level 3.2 Armour
 - Level 3.2 Shields


You had 7 spell levels left.
You didn't know any spells.
Your spell library was empty.

Dungeon Overview and Level Annotations

Branches:
Dungeon (6/15)            Ossuary (visited)
 Temple: D:4-7

Altars:
Cheibriados
Dithmenos
Gozag
Kikubaaqudgha
Okawaru
Ru
Sif Muna
Wu Jian
Yredelemnul
The Shining One

Annotations:
D:4 exclusion: downstairs


Innate Abilities, Weirdness & Mutations

You are resistant to torment.
Your stone body is resilient. (AC +5)
You are immune to poison.
You resist negative energy. (rN+)
You are resistant to electric shocks. (rElec)
You can survive without breathing.
You are immune to petrification.
You are immune to rotting.


Message History

A gnoll comes into view.
The gnoll shouts!
A gnoll comes into view.
It is wielding a +0 whip and carrying a wand of acid (9).
The gnoll shouts!
A gnoll comes into view.
The gnoll shouts!
A crimson imp comes into view.
The crimson imp shouts!
An orc comes into view. It is wielding a +0 dagger.
The orc shouts!
A sky beast comes into view.
The gnoll sergeant throws a stone.
The stone hits you but does no damage. You block the gnoll's attack.
The gnoll zaps a wand.
The bolt of acid hits you!!
* * * LOW HITPOINT WARNING * * *
The acid corrodes you!
You are splashed with acid!
You die...
Your body crumbles into a pile of gold.

######.........## *,*,,***,,
#...#...........# *,*,,**,,*
#..##.......§§§.## **,**,,*,,*
#..#...≈...g§≈§..# *,,,**,,,,*
####..#..g≈.gg§Y§§..###,,,,**,,,*
......'.≈≈≈≈≈.§o§§..'.#,,,,,*****
####..#../≈..sg5≈...#,,,,,,,,,*
......#...≈.....§...#,,<,,,,,,*
##....##........@..##,*,,,,,,,*
.......#...........#******,****
.......##.........## **,*
....#######.....#########.,**
....##....#######........o,,*****
....##........#...##......,,,,,,,
.c..............#...#**,,,,,,,,,*
....##........#...#.###..,,,,,,,,
.8..##...................,,,,,,,*

Skill      XL: |  1  2  3  4  5  6  7  8 |
---------------+-------------------------+-----
Axes           | 2 3 4 5 6 8 |  8.2
Fighting       | 4 5 6 7 |  7.5
Armour         | |  3.2
Shields        | |  3.2

Notes
Turn   | Place    | Note
-------+----------+-------------------------------------------
     0 | D:1      | hehateme the Gargoyle Fighter began the quest for the Orb.
     0 | D:1      | Reached XP level 1. HP: 14/14 MP: 1/1
   128 | D:1      | Reached skill level 2 in Axes
   151 | D:1      | Reached XP level 2. HP: 15/19 MP: 2/2
   798 | D:2      | Reached XP level 3. HP: 24/24 MP: 3/3
   863 | D:2      | Found a shimmering blue altar of Sif Muna.
   880 | D:2      | Found a shadowy altar of Dithmenos.
  1014 | D:2      | Reached skill level 3 in Axes
  1156 | D:2      | Reached skill level 4 in Fighting
  1214 | D:2      | Reached XP level 4. HP: 29/29 MP: 4/4
  1465 | D:2      | Found an iron altar of Okawaru.
  1939 | D:3      | Reached skill level 4 in Axes
  1939 | D:3      | Reached XP level 5. HP: 19/34 MP: 5/5
  2605 | D:3      | Found a sacrificial altar of Ru.
  2794 | D:3      | Found an opulent altar of Gozag.
  2796 | D:3      | Found an ornate altar of the Wu Jian Council.
  2796 | D:3      | Found a snail-covered altar of Cheibriados.
  2801 | D:3      | Became a worshipper of Gozag Ym Sagoz the Greedy
  2904 | D:4      | Found an ancient bone altar of Kikubaaqudgha.
  3137 | D:4      | Reached XP level 6. HP: 36/40 MP: 6/6
  3342 | D:4      | Reached skill level 5 in Fighting
  3398 | D:4      | Reached skill level 5 in Axes
  4017 | D:5      | Entered Level 5 of the Dungeon
  4122 | D:4      | Reached XP level 7. HP: 21/44 MP: 7/7
  4580 | D:5      | Reached skill level 6 in Axes
  4726 | D:5      | Reached skill level 6 in Fighting
  4800 | D:5      | Found a glowing golden altar of the Shining One.
  5099 | D:5      | Got a distressingly furry hat
  5123 | D:5      | Found a basalt altar of Yredelemnul.
  5365 | D:5      | Identified the cursed -1 hat of Masmad {Dex+3} (You found
                  | it on level 5 of the Dungeon)
  5434 | D:6      | Reached XP level 8. HP: 43/52 MP: 8/8
  5464 | D:6      | Found a sand-covered staircase.
  5473 | Ossuary  | Entered an ossuary
  5839 | Ossuary  | Reached skill level 7 in Axes
  6074 | D:6      | Reached skill level 7 in Fighting
  6288 | D:6      | Reached skill level 8 in Axes
  6345 | D:6      | HP: 6/53 [gnoll/bolt of acid (25)]
  6345 | D:6      | Splashed by a gnoll's acid

Table legend:
 A = Turns spent in this place as a percentage of turns spent in the entire game.
 B = Non-inter-level travel turns spent in this place as a percentage of non-inter-level travel turns spent in the entire game.
 C = Inter-level travel turns spent in this place as a percentage of turns spent in this place.
 D = Turns resting spent in this place as a percentage of non-inter-level travel turns spent in this place.
 E = Turns spent auto-exploring this place as a percentage of non-inter-level travel turns spent in this place.
 F = Non-inter-level travel turns spent in this place divided by the number of levels of this place that you've seen.
                   A       B       C       D       E      F
               +-------+-------+-------+-------+-------+----------------------
         Total | 100.0 | 100.0 |   3.8 |   5.9 |  69.0 | 871.6
       Dungeon |  90.6 |  90.2 |   4.2 |   6.4 |  70.9 | 917.3
       Ossuary |   9.4 |   9.8 |   0.0 |   0.8 |  50.9 | 597.0
               +-------+-------+-------+-------+-------+----------------------

Table legend:
 A = Kills in this place as a percentage of kills in entire the game.
 B = Kills by you in this place as a percentage of kills by you in the entire game.
 C = Kills by friends in this place as a percentage of kills by friends in the entire game.
 D = Other kills in this place as a percentage of other kills in the entire game.
 E = Experience gained in this place as a percentage of experience gained in the entire game.
 F = Experience gained in this place divided by the number of levels of this place that you have seen.
                   A       B       C       D       E      F
               +-------+-------+-------+-------+-------+----------------------
         Total | 100.0 | 100.0 |   N/A |   N/A | 100.0 | 302.4
       Dungeon |  74.0 |  74.0 |   N/A |   N/A |  89.7 | 316.3
       Ossuary |  26.0 |  26.0 |   N/A |   N/A |  10.3 | 219.0
               +-------+-------+-------+-------+-------+----------------------

Action                   |  1- 3 |  4- 6 |  7- 9 || total
-------------------------+-------+-------+-------++-------
Melee: War axe           |   106 |   236 |   309 ||   651
Throw: Stone             |    37 |    78 |    94 ||   209
  Use: Scroll            |       |     7 |     6 ||    13
       Potion            |       |     1 |     1 ||     2
 Stab: Distracted        |       |     2 |       ||     2
  Eat: Chunk             |     1 |     6 |       ||     7
       Ration            |       |     1 |     2 ||     3
Armor: Scale mail        |    55 |    50 |       ||   105
       Chain mail        |       |    74 |   171 ||   245
       Skin              |       |     2 |     8 ||    10
Dodge: Dodged            |    31 |    74 |    42 ||   147
Block: Kite shield       |    55 |   116 |   133 ||   304

Vanquished Creatures
  3 sky beasts
  A centaur (D:6)
  An elf zombie (Ossuary)
  2 bullfrogs (D:6)
  3 scorpions (D:4)
  A howler monkey (D:4)
  A crimson imp (D:5)
  2 hounds (D:6)
  A human zombie (Ossuary)
  An orc priest (D:5)
  An iguana (D:4)
  5 orc wizards
  3 worker ants
  2 mummies (Ossuary)
  11 gnolls
  11 adders
  3 adder zombies (Ossuary)
  2 worms (D:2)
  3 dart slugs
  2 leopard geckos
  13 orcs
  2 ball pythons
  5 bats
  2 giant cockroaches
  5 goblins
  4 hobgoblins
  5 jackals
  5 kobolds
  5 quokkas
  5 frilled lizards
  2 goblin zombies (Ossuary)
  8 hobgoblin zombies (Ossuary)
  3 jackal zombies (Ossuary)
  8 kobold zombies (Ossuary)
  9 orc zombies (Ossuary)
  A quokka skeleton (D:6)
  7 rats
  2 rat zombies (Ossuary)
150 creatures vanquished. You could see a sky beast, a gnoll sergeant, a scorpion, 3 gnolls, a crimson imp and an orc.

Levels and vault maps discovered:
D:1:      sevenhm_arrival_forest_fort_small_5, layout_rooms,
          chequers_serial_rivers_room_a
D:2:      layout_basic, overflow_temple_1_default, lemuel_round_altar,
          okawaru_gym_becter, minmay_unequal
D:3:      layout_loops_ring, chequers_temple_overflow_statue_of_worship,
          nicolae_ru_awakened_eye, minivault_26
D:4:      kb_forest_paths, layout_basic, kiku_gazebo_garden_becter, first_ration
D:5:      layout_basic, lemuel_coloured_pillars_altar, kennysheep_little_box
D:6:      layout_rooms, lemuel_crystal_altar, nicolae_ossuary_entry_monument,
          hangedman_glass_teeth, grunt_potential
